cohdb
Replays
Latest Replays
All Replays
Popular Replays
Top Player Replays
Match Explorer
How It Works
Community
CoH3 Stats
Reddit
Sign in to upload your games and track your stats! →
Sign in with Steam
Match 45210476
Unlisted
Match 45210476
Overview
Messages
Build Orders
End
Construct Section Command Post
Dingo Light Scout Car
Infantry Section
Infantry Section
Construct Platoon Command Post
Selects Air and Sea Battlegroup
Selects Supply Surplus
Construct Field Infirmary
Forward Retreat Point
Unlock Bishop Self-propelled Artillery
Royal Engineer Section
Bishop Self-propelled Artillery
6-pounder Anti-tank Gun Team
Bishop Self-propelled Artillery
Take care of yourself
고구마줄거리
감귤
Starbuckshunter
Pioneer Combine
monomono
fengdadagg
lanyangyang
0
0
Comments
sign in to comment!
No comments posted yet!